AoeStats
← ihate

Black Forest

508966473Analyzed
2v2 RM · 8d ago on Sep 24, 2026· 63m 27s· 4 players
Game mode
Random Map
Map size
Medium (4 player)
Population
200
Speed
Normal
Resources
Standard
Victory
Conquest
Starting age
Dark Age
Ending age
Imperial Age
RankedLock teamsTeams togetherTeam positionsShared explorationLock speedFull tech treeHidden civsTurbo modeCheats
Victory
Defeat
🇩🇪 Varangians · Germany
888
+19
🇹🇷 Britons · Türkiye
886
+19
🇩🇪 Spanish · Germany
960
-39
🇩🇪 Byzantines · Germany
943
-23
|||||||||||||||||||
0:37 Loom
12:01 Feudal Age
20:14 Castle Age
19:03 Double-Bit Axe
19:01 Horse Collar
20:24 Wheelbarrow
24:40 Bow Saw
24:56 Husbandry
25:32 Hand Cart
25:24 Stone Mining
25:24 Gold Mining
25:41 Heavy Plow
29:50 Bloodlines
30:31 Stone Shaft Mining
31:43 Caravan
33:30 Scale Barding Armor
33:38 Forging
33:29 Scale Mail Armor
35:41 Treadmill Crane
36:12 Masonry
39:32 Imperial Age
40:12 Chain Barding Armor
40:08 Chain Mail Armor
40:29 Iron Casting
39:48 Fletching
40:46 Crop Rotation
41:20 Two-Man Saw
41:35 Chemistry
41:02 Ballistics
41:15 Architecture
41:00 Fortified Wall
40:46 Murder Holes
40:56 Siege Engineers
42:06 Conscription
41:08 Elite Jarl
42:17 Town Watch
42:01 Vendel Legacy
44:21 Town Patrol
44:36 Light Cavalry
45:01 Onager
46:43 Plate Barding Armor
48:36 Hussar
49:36 Gothikon
51:33 Plate Mail Armor
52:03 Blast Furnace
50:59 Bodkin Arrow
59:55 Bracer
59:56 Padded Archer Armor
59:56 Guard Tower
63:05 Arson
63:23 Squires
yurigagarin
0:26 Loom
12:43 Feudal Age
12:46 Man-at-Arms
23:35 Castle Age
22:16 Forging
22:07 Scale Mail Armor
22:49 Scale Mail Armor
23:43 Double-Bit Axe
23:40 Horse Collar
23:51 Gold Mining
23:59 Long Swordsman
27:24 Stone Mining
29:26 Gold Shaft Mining
32:25 Bow Saw
32:18 Heavy Plow
33:33 Wheelbarrow
34:47 Hand Cart
35:13 Caravan
38:20 Imperial Age
37:07 Fletching
37:17 Padded Archer Armor
38:24 Capped Ram
40:06 Conscription
40:08 Yeomen
40:47 Warwolf
40:12 Two-Handed Swordsman
40:38 Gambesons
41:10 Chain Mail Armor
40:52 Bodkin Arrow
42:41 Two-Man Saw
41:16 Champion
42:17 Leather Archer Armor
43:01 Elite Longbowman
47:54 Plate Mail Armor
48:00 Iron Casting
47:25 Bracer
47:55 Ring Archer Armor
49:35 Ring Archer Armor
51:00 Blast Furnace
59:59 Spies/Treason
ihate
1:10 Loom
14:27 Feudal Age
15:46 Man-at-Arms
18:20 Scale Mail Armor
20:02 Forging
22:29 Fletching
28:10 Castle Age
27:25 Scale Barding Armor
29:27 Double-Bit Axe
29:51 Crossbowman
31:49 Bow Saw
31:22 Horse Collar
33:01 Heavy Plow
35:07 Fortified Wall
37:49 Gold Mining
38:35 Iron Casting
41:12 Imperial Age
38:34 Guard Tower
39:39 Chain Barding Armor
39:58 Wheelbarrow
39:38 Stone Mining
39:53 Husbandry
41:47 Hand Cart
43:16 Plate Barding Armor
43:17 Iron Casting
44:06 Crop Rotation
43:51 Devotion
45:12 Conscription
45:32 Murder Holes
45:34 Elite Cataphract
47:32 Gold Shaft Mining
48:07 Logistica
50:14 Ballistics
51:15 Greek Fire
51:18 Bodkin Arrow
HaZefarmer
1:41 Loom
12:13 Feudal Age
21:47 Castle Age
19:35 Town Watch
20:06 Forging
21:35 Man-at-Arms
22:35 Scale Mail Armor
24:58 Chain Mail Armor
29:03 Double-Bit Axe
29:18 Fletching
33:05 Imperial Age
30:50 Gold Mining
31:07 Town Patrol
32:12 Ballistics
31:58 Bodkin Arrow
36:01 Murder Holes
36:51 Wheelbarrow
36:43 Stone Mining
38:11 Fervor
38:43 Supremacy
37:49 Elite Conquistador
40:13 Hand Cart
40:19 Hand Cart
41:56 Bracer
43:46 Chemistry
42:59 Scale Barding Armor
43:32 Padded Archer Armor
44:03 Bloodlines
43:55 Husbandry
44:50 Chain Barding Armor
44:46 Leather Archer Armor
46:04 Conscription
49:55 Iron Casting
Connection lost

Rejoining the realm…

Still unreachable

The connection could not be restored.

Session expired

The server has moved on; the page needs a fresh start.